Unix xNetHack Version 8.0.0 - last build Jan 14 2024 16:46:22 (be4d3c81716514284228e1a23197c27ddb32b841). Game began 2024-03-08 11:43:19, ended 2024-03-08 13:27:01. Catomat, neutral female human Wizard ------- .?...>| |.....| |.....- ##### e ..)...| #---.-- ----.-- ##|....| #f@### |....| |...<| |....| ------ Catomat the Conjurer St:10 Dx:10 Co:14 In:6 Wi:6 Ch:14 Neutral S:725 Dlvl:5 $:95 HP:0(31) Pw:41(49) AC:6 Xp:4/105 T:2434 Latest messages: You finish your dressing maneuver. What do you want to wear? [G or ?*] You finish your dressing maneuver. The conical hat glows black for a moment. The conical hat welds itself to your head! You feel like sitting in a corner. Where do you want to travel to? (For instructions type a '?') You descend the stairs. You remember this level as lk-box, spellbook stash. Where do you want to travel to? (For instructions type a '?') You descend the stairs. You find a hidden door. This door is locked. This door is locked. In what direction? Thwack!! In what direction? Thwack!! In what direction? Whammm!! In what direction? Whammm!! In what direction? You kick the door. The door crashes open! The hobbit wields a runed dagger! The hobbit thrusts her runed dagger. The hobbit stabs you! Please move the cursor to an unknown object. (For instructions type a '?') Done. Mewmew misses the hobbit. Mewmew bites the hobbit. The hobbit is killed! You miss the kitten. Mewmew eats a hobbit corpse. The kitten bites! The kitten bites! You whack the kitten. The kitten bites! The kitten bites! In what direction? The spell misses the kitten. The kitten bites! The kitten bites! You die... Do you want your possessions identified? [ynq] (y) Do you want to see your attributes? [ynq] (y) Inventory: Inventory: 417/650 weight (19/52 slots) Coins $ - 95 gold pieces {1} Weapons B - a +0 sling {3} t - 3 blessed +0 darts {3} r - 10 +0 silver darts {10} a - a blessed +1 quarterstaff (weapon in hands) {40} Armor G - a cursed +0 dunce cap (being worn) {3} o - an uncursed +0 pair of cloth low boots (being worn) {5} b - an uncursed +0 cloak of magic resistance (being worn) {8} z - an uncursed +0 leather studded armor (being worn) {150} Comestibles u - an uncursed cream pie {10} j - 4 uncursed food rations {80} Scrolls p - a blessed scroll of enchant weapon {5} l - a cursed scroll of identify {5} I - an uncursed scroll of teleportation {5} Potions v - an uncursed potion of gain energy {20} Rings m - an uncursed ring of shock resistance {3} Wands k - a wand of polymorph (0:6) {7} A - a wand of probing (0:7) {7} Tools q - an uncursed lantern {30} Gems/Stones C - 11 uncursed flint stones {22} Catomat the Wizard's attributes: Background: You were a Conjurer, a level 4 female human Wizard. You were neutral, on a mission for Thoth who was opposed by Ptah (lawful) and Anhur (chaotic). You were heterosexual. You were in the Dungeons of Doom, on level 5. You entered the dungeon 2434 turns ago. You had 105 experience points, 55 more were needed to attain level 5. Your score was 725 before end-of-game adjustments. Basics: You had 0 out of 31 hit points. You had 41 out of 49 energy points (spell power). Your armor class was 6. Your wallet contained 95 zorkmids. Autopickup was on for '$"?!=/' plus thrown. Final Characteristics: Your strength was 10 (limit:18/100). Your dexterity was 10 (limit:18). Your constitution was 14 (limit:18). Your intelligence was 6 (base:18, limit:18). Your wisdom was 6 (base:11, limit:18). Your charisma was 14 (limit:18). Final Status: You were not hungry. You were unencumbered. You were wielding a quarterstaff. You had basic skill with quarterstaff. Final Attributes: You were devoutly aligned. You were magic-protected. You were telepathic. You were warded. You are dead. Miscellaneous: You never encountered a bones level. Total elapsed playing time was 1 hour, 43 minutes and 39 seconds. Major events: Turn 1: Catomat the neutral female human Wizard entered the dungeon 498: entered the Gnomish Mines 1417: attained the rank of Conjurer (level 3) 2434: killed by a kitten Vanquished creatures: a small mimic 2 floating eyes a wererat an acid blob a coyote 2 hobbits a hobgoblin 3 giant rats a gecko 2 jackals 2 foxes a kobold a goblin a sewer rat 3 grid bugs a bat 3 lichens 9 newts 36 creatures vanquished. No species were genocided or became extinct. Voluntary challenges: You read items or engraved 2 times. You never genocided any monsters. You never polymorphed an object. You never changed form. You never touched an artifact. You used no wishes. You never scared an enemy with impunity. You were celibate. You never generated conflict. Achievements: You entered the Gnomish Mines. You attained the rank of Conjurer. You entered a shop. Dungeon overview: The Dungeons of Doom: levels 1 to 5 Level 1: An altar. Level 2: "vault" A fountain. Stairs down to The Gnomish Mines. Level 3: "vault" An altar to Thoth, a fountain. Level 4: "lk-box, spellbook stash" An armor shop. Level 5: <- You were here. Final resting place for you, killed by a kitten. The Gnomish Mines: Level 3: Game over: __________ / \ / REST \ / IN \ / PEACE \ / \ | Catomat | | 95 Au | | killed by a | | kitten | | | | | | 2024 | *| * * * | * _________)/\\_//(\/(/\)/\//\/|_)_______ Goodbye Catomat the Wizard... You died in The Dungeons of Doom on dungeon level 5 with 716 points, and 95 pieces of gold, after 2434 moves. You were level 4 with a maximum of 31 hit points when you died.